 Dungeon Crawl Stone Soup version 0.17-a0-877-ga10078a (webtiles) character file.

48 patman the Caller (level 3, 12/16 HPs)
             Began as a Vine Stalker Summoner on Nov 8, 2014.
             Quit the game on level 2 of the Dungeon on Apr 30, 2015.
             The game lasted 00:04:39 (1310 turns).

patman the Caller (Vine Stalker Summoner)           Turns: 1310, Time: 00:04:40

Health: 12/16      AC:  2    Str: 10    XL:     3   Next: 72%
Magic:  7/7        EV: 12    Int: 16    God:
Gold:   72         SH:  0    Dex: 14    Spells: 2 memorised, 2 levels left

rFire  . . .     SeeInvis .     d - +0 spear
rCold  . . .     Clarity  .     a - +0 robe
rNeg   . . .     SustAb   .     (no shield)
rPois  .         Gourm    .     (no helmet)
rElec  .         Spirit   +     (no cloak)
rCorr  .         Warding  .     (no gloves)
rMut   .         Stasis   .     (no boots)
MR     .....                    f - amulet of inaccuracy (curse)
Stlth  ++........               (no ring)
                                i - ring of teleport control

@: mildly poisoned (12 -> 12), not resistant to hostile enchantments, unstealthy
A: fangs 2, regeneration 1, magic shield, antimagic bite, no device heal 3, rot
immunity
a: Evoke Teleport Control


You were on level 2 of the Dungeon.
You were not hungry.

You visited 1 branch of the dungeon, and saw 2 of its levels.

You collected 72 gold pieces.

Inventory:

Hand weapons
 d - a +0 spear (weapon)
Armour
 a - a +0 robe (worn)
Jewellery
 f - a cursed amulet of inaccuracy (around neck)
 i - a ring of teleport control (left hand)
Scrolls
 e - a scroll of teleportation {unknown}
 g - a scroll of remove curse {unknown}
Books
 b - a book of Callings

   Spells                             Type                      Level
   a - Summon Small Mammal            Summoning                    1
   b - Call Imp                       Summoning                    2
   c - Call Canine Familiar           Summoning                    3
   d - Summon Guardian Golem          Hexes/Summoning              3
   e - Summon Lightning Spire         Summoning/Air                4
   f - Summon Ice Beast               Ice/Summoning                4
Comestibles
 c - 3 bread rations
 h - a meat ration


   Skills:
 - Level 1.5 Dodging
 - Level 2.4 Stealth
 - Level 2.1 Spellcasting
 + Level 5.3 Summonings


You had 2 spell levels left.
You knew the following spells:

 Your Spells              Type           Power        Failure   Level  Hunger
a - Call Canine Familiar  Summ           ###.....     10%         3    ###....
q - Summon Small Mammal   Summ           ###.         2%          1    #......


Dungeon Overview and Level Annotations

Branches:
Dungeon (2/15)

Altars:
Elyvilon
Gozag
Kikubaaqudgha


Innate Abilities, Weirdness & Mutations

You have extremely sharp teeth.
Your natural rate of healing is unusually fast.
When hurt, damage is shared between your health and your magic reserves.
Your bite disrupts and absorbs the magic of your enemies.
Potions and wands cannot restore your health.
You are immune to rotting.


Message History

Unknown command.
Unknown command.
Unknown command.
Save game and exit?
Welcome back, patman the Vine Stalker Summoner.
Press ? for a list of commands and other information.
Unknown command.
Unknown command.
Unknown command.
Are you sure you want to abandon this character and quit the game? (Confirm with "yes".)
Okay, then.
Unknown command.
Unknown command.
Cast which spell? (? or * to list)
Okay, then.
Unknown command.
Okay, then.
Unknown command.
Unknown command.
Are you sure you want to abandon this character and quit the game? (Confirm with "yes".)

#####.# #.........#.###.........
...##.#####...........#...####...
##.##^.............#..#...# #...
##.########........#..#...####..†
....# #....#######.............
....# ###.#..#.#.(.#.............
....###...#..#.....+.............
.....##.###..#...#.#.............
...#.#.......###@..#.............
...#.###.............########....
...#..##.............# #....
...##>##.............# #....
...##..#.............# #####
.....................#
#........)...........#
#.................####
#.....#.#.#.#.#.#.#######


There were no monsters in sight!

Vanquished Creatures
  An adder (D:2)
  3 giant cockroaches
  2 goblins
  2 hobgoblins
  A ball python (D:1)
  2 bats
  6 giant newts (D:1)
  4 kobolds
  3 rats
24 creatures vanquished.

Vanquished Creatures (collateral kills)
  2 worms (D:2)
  A ball python (D:2)
  2 giant cockroaches (D:1)
  4 goblins
  2 hobgoblins (D:2)
  2 kobolds (D:2)
13 creatures vanquished.

Vanquished Creatures (others)
  2 quokkas
  A bat (D:2)
3 creatures vanquished.

Grand Total: 40 creatures vanquished

Notes
Turn   | Place    | Note
--------------------------------------------------------------
     0 | D:1      | patman, the Vine Stalker Summoner, began the quest for the Orb.
     0 | D:1      | Reached XP level 1. HP: 9/9 MP: 3/3
   218 | D:1      | Reached XP level 2. HP: 13/13 MP: 5/5
   694 | D:2      | Reached XP level 3. HP: 16/16 MP: 7/7
   696 | D:2      | Found an ancient bone altar of Kikubaaqudgha.
   700 | D:2      | Found a white marble altar of Elyvilon.
   724 | D:2      | Found an opulent altar of Gozag.
   762 | D:2      | Reached skill level 5 in Summonings
   772 | D:2      | Learned a level 3 spell: Call Canine Familiar
  1310 | D:2      | Upgraded the game from 0.16-a0-1982-g8124c91 to 0.17-a0-877-ga10078a
  1310 | D:2      | Quit the game

Action                   || total
-------------------------++-------
Melee: Spear             ||   128
 Cast: Summon Small Mamm ||    12
       Call Canine Famil ||     4
 Stab: Sleeping          ||     3
  Eat: Chunk             ||     2
